cohdb
Replays
Latest Replays
All Replays
Popular Replays
Top Player Replays
Match Explorer
How It Works
Community
CoH3 Stats
Reddit
Sign in to upload your games and track your stats! →
Sign in with Steam
Match 42838511
Unlisted
Match 42838511
Overview
Messages
Build Orders
End
Selects Italian Coastal Battlegroup
Selects Coastal Reserves
Coastal Reserve
Coastal Reserve
Construct Infanterie Kompanie
MG 42 Machine Gun Team
Coastal Reserve
Medical Bunker
MG 42 Bunker
Coastal Reserve
Selects Support Bunkers
Selects Artillery Officer
Artillery Officer
Coastal Reserve
Construct Panzergrenadier Kompanie
MG 42 Bunker
Selects Obice da 210/22 Artillery Emplacement
Pioneer Squad
Support Elements
MG 42 Bunker
Selects Designated Artillery Overwatch
MG 42 Bunker
Designated Artillery Overwatch
Selects Bulwark
MG 42 Bunker
Designated Artillery Overwatch
StuG III G Assault Gun
StuG III G Assault Gun
Designated Artillery Overwatch
StuG III G Assault Gun
MG 42 Bunker
MG 42 Bunker
StuG III G Assault Gun
信仰万丈光芒
Siwydym
JBoss
123456789
ManOfCulture
妖杨
幻想r
gUi
0
0
Comments
sign in to comment!
No comments posted yet!